 Dungeon Crawl Stone Soup version 0.19-a0-1238-gee6bd96 (webtiles) character file.

351 JustSomeDude the Skirmisher (level 6, -5/48 HPs)
             Began as a Demonspawn Fighter on Aug 26, 2016.
             Slain by an ogre
             ... wielding a +0 giant spiked club
              (21 damage)
             ... on level 4 of the Dungeon.
             The game lasted 00:04:57 (2809 turns).

JustSomeDude the Skirmisher (Demonspawn Fighter)    Turns: 2809, Time: 00:04:58

Health: -5/48      AC: 11    Str: 19    XL:     6   Next: 34%
Magic:  6/6        EV:  8    Int:  9    God:
Gold:   174        SH:  9    Dex: 12    Spells: 0 memorised, 5 levels left

rFire  . . .     SeeInvis .     a - +0 trident
rCold  . . .     Gourm    .     b - +0 scale mail
rNeg   . . .     Faith    .     c - +0 shield
rPois  .         Spirit   .     (no helmet)
rElec  .         Dismiss  .     (no cloak)
rCorr  .         Reflect  .     e - +0 pair of gloves
MR     .....     Harm     .     v - +0 pair of boots
Stlth  +.........               (no amulet)
                                (no ring)
                                (no ring)

@: drained
A: talons 1, molten scales 1, nightstalker 1
a: no special abilities


You were on level 4 of the Dungeon.
You were near starving.

You visited 1 branch of the dungeon, and saw 4 of its levels.

You collected 174 gold pieces.

Inventory:

Hand Weapons
 a - a +0 trident (weapon)
Armour
 b - a +0 scale mail (worn)
 c - a +0 shield (worn)
 e - a +0 pair of gloves (worn)
 v - a +0 pair of boots (worn)
Jewellery
 l - an uncursed amulet of harm
Scrolls
 i - 2 scrolls of fog {unknown}
 k - 4 scrolls of magic mapping {unknown}
 m - a scroll of fear {unknown}
 o - 3 scrolls of remove curse {unknown}
 p - a scroll of identify {unknown}
 q - 4 scrolls of teleportation {unknown}
 s - 3 scrolls of recharging {unknown}
 t - a scroll of enchant armour {unknown}
 u - 2 scrolls of random uselessness {unknown}
 y - a scroll of enchant weapon {unknown}
 A - a scroll of noise {unknown}
Potions
 d - a potion of might
 h - a potion of ambrosia {unknown}
 j - a potion of agility {unknown}
 n - 2 potions of cancellation {unknown}
 r - 4 potions of brilliance {unknown}
 z - a potion of haste {unknown}
 B - a potion of invisibility {unknown}
 C - a potion of mutation {unknown}
 D - a potion of magic {unknown}
Books
 x - a book of Misfortune

   Spells                             Type                      Level
   a - Confusing Touch                Hexes                        1
   b - Confuse                        Hexes                        3
   c - Gell's Gravitas                Hexes/Translocation          3
   d - Petrify                        Transmutation/Earth          4
   e - Metabolic Englaciation         Hexes/Ice                    5
   f - Yara's Violent Unravelling     Hexes/Transmutation          5
Comestibles
 f - 3 bread rations
 g - a royal jelly
 w - 2 beef jerkies


   Skills:
 + Level 4.1(3.3) Fighting
 + Level 3.0(2.3) Polearms
 + Level 3.7(2.9) Armour
 + Level 2.6(1.8) Dodging
 + Level 0.8(0.1) Stealth
 + Level 3.5(2.7) Shields


You had 5 spell levels left.
You didn't know any spells.

Dungeon Overview and Level Annotations

Branches:
Dungeon (4/15)
 Temple: D:4-7

Altars:
Ashenzari
Nemelex Xobeh
Okawaru
Yredelemnul


Innate Abilities, Weirdness & Mutations

You have sharp toenails.
You are partially covered in molten scales. (AC +2)
You are slightly more attuned to the shadows.


Message History

You kill the giant newt!
No target in view!
Found 22 stones.
An ogre comes into view. It is wielding a giant spiked club.
The ogre shouts!
Attack whom?
Press: ? - help, Dir - move target cursor, f - ogre
Aim: an ogre, wielding a giant spiked club You reach to attack!
Your shield and scale mail prevent you from hitting the ogre.
You puncture the ogre!
The ogre is moderately wounded.
The ogre hits you with a giant spiked club!
You puncture the ogre!
The ogre is heavily wounded.
The ogre hits you with a giant spiked club!!
You hit the ogre.
The ogre is heavily wounded.
The ogre hits you with a giant spiked club!!
You die...

.#..##............###......#
.#..##..###................#
....##......####...........#
.##.##..##..##.........#####
. ......##..##...###...#
...#.###..##...# #...######
...#.# #..##...# #........#
.. #. ....#...# #........# #
# #...#..@# ###......#
....#...O...##.....# ##
..........##.....# .#
#..........##.....# .#
#......(...##.....# .#
#.....#######.....# ## ..
#..... #####.....# ## ..
#.........# .# .##
#......####


You could see an ogre.

Vanquished Creatures
  A phantom (D:4)
  A howler monkey (D:4)
  2 orc wizards (D:3)
  2 worker ants (D:4)
  4 adders
  2 oozes (D:1)
  2 worms
  6 dart slugs
  2 giant geckos
  4 orcs (D:3)
  A giant cockroach (D:3)
  9 goblins
  6 hobgoblins
  3 jackals (D:2)
  8 kobolds
  2 quokkas (D:2)
  3 bats
  3 giant newts
  5 rats
66 creatures vanquished.

Notes
Turn   | Place    | Note
-------+----------+-------------------------------------------
     0 | D:1      | JustSomeDude the Demonspawn Fighter began the quest for the Orb.
     0 | D:1      | Reached XP level 1. HP: 18/18 MP: 1/1
   255 | D:1      | Gained mutation: You are partially covered in molten scales. (AC +2) [demonic ancestry]
   255 | D:1      | Reached XP level 2. HP: 14/24 MP: 2/2
   481 | D:1      | Reached XP level 3. HP: 17/29 MP: 3/3
  1138 | D:2      | Reached skill level 1 in Dodging
  1185 | D:2      | Reached XP level 4. HP: 22/35 MP: 4/4
  1284 | D:3      | Found an iron altar of Okawaru.
  1285 | D:3      | Found a sparkling altar of Nemelex Xobeh.
  1702 | D:3      | Gained mutation: You have sharp toenails. [demonic ancestry]
  1702 | D:3      | Reached XP level 5. HP: 19/41 MP: 5/5
  1984 | D:3      | Found a basalt altar of Yredelemnul.
  1986 | D:3      | Found a shattered altar of Ashenzari.
  2364 | D:4      | Noticed a phantom
  2409 | D:4      | Killed a phantom
  2409 | D:4      | Reached skill level 4 in Fighting
  2409 | D:4      | Gained mutation: You are slightly more attuned to the shadows. [demonic ancestry]
  2409 | D:4      | Reached XP level 6. HP: 29/48 MP: 6/6
  2809 | D:4      | Slain by an ogre

Vault maps used:
D:1:      grunt_arrival_lava_bath
D:2:      grunt_decor_fettered
D:3:      marbit_many_paths, nicolae_overflow_hidden_temple, first_bread,
          minmay_misc_feat_diagonals, minmay_misc_feat_chi, minmay_crystal_room
D:4:      nicolae_ru_sacrificial_ziggurat

Skill      XL: |  1  2  3  4  5  6 |
---------------+-------------------+-----
Polearms       | 2 3 |  3.0
Armour         | 3 |  3.7
Shields        | 3 |  3.5
Dodging        | 1 2 |  2.6
Fighting       | 4 |  4.1
Stealth        | |  0.8

Action                   |  1- 3 |  4- 6 || total
-------------------------+-------+-------++-------
Melee: Trident           |   158 |   204 ||   362
  Eat: Chunk             |     1 |     4 ||     5
Armor: Scale mail        |    64 |    73 ||   137
Dodge: Dodged            |    35 |    39 ||    74
Block: Shield            |    60 |    70 ||   130
